 Dungeon Crawl Stone Soup version 0.26-a0-1107-g6118521029 (webtiles) character file.

Game seed: 13016676156187474941

34872 night the Geomancer (level 13, -3/92 HPs)
             Began as an Octopode Earth Elementalist on Dec 16, 2020.
             Was a High Priest of Vehumet.
             Slain by a dream sheep (13 damage)
             ... on level 4 of the Lair of Beasts.
             The game lasted 01:05:05 (24999 turns).

night the Geomancer (Octopode Earth Elementalist)  Turns: 24999, Time: 01:05:06

Health: -3/92      AC:  9    Str:  8    XL:     13   Next: 80%
Magic:  29/37      EV: 20    Int: 22    God:    Vehumet [*****.]
Gold:   1036       SH: 14    Dex: 12    Spells: 21/35 levels left

rFire    . . .     SeeInvis +   a - +0 short sword (venom)
rCold    . . .     Faith    .   D - +0 kite shield
rNeg     . . .     Spirit   .   (helmet restricted)
rPois    .         Reflect  +   E - amulet of reflection
rElec    .         Harm     .   W - +4 ring of protection
rCorr    .         Rampage  .   g - ring of magical power
Will     .....                  k - ring of stealth
Stlth    ++++......             n - ring of see invisible
HPRegen  0.25/turn              t - +4 ring of protection
MPRegen  0.25/turn              K - ring of wizardry
                                M - +4 ring of evasion
                                T - ring of wizardry

@: no status effects
A: almost no armour, stealthy swim, amphibious, 8 rings, constrict 8, camouflage
1, gelatinous body 1
a: Renounce Religion


You were on level 4 of the Lair of Beasts.
You worshipped Vehumet.
Vehumet was extremely pleased with you.
You visited 3 branches of the dungeon, and saw 18 of its levels.
You also visited: Sewer and Bailey.

You collected 1036 gold pieces.

Inventory:

Hand Weapons
 a - a +0 short sword of venom (weapon)
 d - a +0 mace of protection
 e - a +1 vampiric dagger
 I - a +4 dagger of freezing
 L - a +1 mace of holy wrath
 X - a +1 vorpal long sword
Missiles
 l - 2 atropa-tipped darts
 o - 31 poisoned darts (quivered)
 w - 70 boomerangs
 Q - 2 boomerangs of dispersal
 R - 6 datura-tipped darts
 Z - 9 curare-tipped darts
Armour
 D - a +0 kite shield (worn)
Magical Staves
 b - an uncursed staff of earth
Jewellery
 f - an uncursed ring of resist corrosion
 g - a ring of magical power (right tentacle)
 k - a ring of stealth (on tentacle)
 n - a ring of see invisible (on tentacle)
 t - a +4 ring of protection (on tentacle)
 y - an uncursed ring of flight
 E - an amulet of reflection (around mantle)
 K - a ring of wizardry (on tentacle)
 M - a +4 ring of evasion (on tentacle)
 N - an uncursed amulet of regeneration
 S - an uncursed ring of protection from fire
 T - a ring of wizardry (on tentacle)
 W - a +4 ring of protection (left tentacle)
Wands
 j - a wand of flame (60)
 O - a wand of digging (7)
 U - a wand of iceblast (6)
Scrolls
 h - 2 scrolls of enchant weapon
 m - 9 scrolls of remove curse
 r - 5 scrolls of fear
 C - 13 scrolls of identify
 F - 7 scrolls of teleportation
 Y - a scroll of silence
Potions
 c - 3 potions of ambrosia
 i - 8 potions of heal wounds
 p - 2 potions of haste {unknown}
 q - 4 potions of magic
 s - 9 potions of curing
 u - a potion of cancellation
 v - a potion of berserk rage {unknown}
 x - 6 potions of degeneration
 z - 3 potions of brilliance {unknown}
 B - 5 potions of might
 G - 5 potions of flight {unknown}
 H - a potion of lignification {unknown}
 J - 4 potions of attraction {unknown}
 P - a potion of invisibility {unknown}
 V - 3 potions of resistance
Miscellaneous
 A - a condenser vane


   Skills:
 + Level 9.8 Fighting
 - Level 9.1 Dodging
 - Level 2.6 Stealth
 * Level 6.1 Shields
 + Level 11.8 Spellcasting
 - Level 1.0 Transmutations
 - Level 3.0 Fire Magic
 + Level 12.9 Earth Magic


You had 21 spell levels left.
You knew the following spells:

 Your Spells              Type           Power        Failure   Level
a - Sandblast             Erth           ######       1%          1
b - Stone Arrow           Conj/Erth      #####.       1%          3
c - Petrify               Tmut/Erth      #####...     2%          4
d - Lee's Rapid Deconstr  Erth           ######....   1%          5
e - Foxfire               Conj/Fire      ###.         1%          1

Your spell library contained the following spells:

 Spells                   Type           Power        Failure   Level
 Iskenderun's Mystic Bla  Conj/Tloc      ##......     16%         4
 Magic Dart               Conj           ##..         1%          1
 Passwall                 Tmut/Erth      #####...     1%          2
 Conjure Flame            Conj/Fire      ###.....     3%          3
 Animate Skeleton         Necr           ##....       4%          1
 Apportation              Tloc           ##....       4%          1
 Corona                   Hex            ##.....      4%          1
 Pain                     Necr           ##..         4%          1
 Summon Small Mammal      Summ           ##..         4%          1
 Mephitic Cloud           Conj/Pois/Air  ##......     5%          3
 Blink                    Tloc           N/A          7%          2
 Call Imp                 Summ           ##......     7%          2
 Slow                     Hex            ##......     7%          2
 Vampiric Draining        Necr           ##........   13%         3
 Animate Dead             Necr           ##........   36%         4
 Agony                    Necr           ##......     69%         5


Dungeon Overview and Level Annotations

Branches:
Dungeon (11/15)            Temple (1/1) D:7            Lair (6/6) D:11
  Swamp (0/4) Lair:2       Spider (0/4) Lair:3          Orc (0/2) D:10
  Sewer (visited)          Bailey (visited)
  Slime: Lair:5-6

Altars:
Ashenzari
Cheibriados
Dithmenos
Elyvilon
Fedhas
Gozag
Hepliaklqana
Kikubaaqudgha
Makhleb
Nemelex Xobeh
Okawaru
Qazlal
Ru
Sif Muna
Trog
Uskayaw
Vehumet
Wu Jian
Xom
Yredelemnul
Zin
The Shining One

Shops:
D:5 [


Innate Abilities, Weirdness & Mutations

You cannot wear most types of armour.
You are very stealthy in the water. (Stealth+)
You are amphibious.
You can wear up to eight rings at the same time.
You can use your tentacles to constrict eight enemies at once.
Your skin changes colour to match your surroundings (Stealth+).
Your rubbery body absorbs attacks. (AC +1, EV +1)


Message History

Press: ? - help, Shift-Dir - straight line, f - dream sheep
Aim: a dream sheep (24% to evade)
The stone arrow misses the dream sheep.
The yak closely misses you. You block the dream sheep's attack.
The dream sheep ruffle their wool and motes of dream dust sparkle, to no effect.
Casting: Stone Arrow (safe; 1% risk of failure)
Confirm with . or Enter, or press ? or * to list all spells.
Aiming: Stone Arrow (safe; 1% risk of failure)
Press: ? - help, Shift-Dir - straight line, f/p - dream sheep
Aim: a dream sheep (24% to evade)
The stone arrow hits the dream sheep!
The dream sheep is severely wounded.
The yak gores you!
The dream sheep shake their wool and sparkle.
You feel drowsy...
You fall asleep.
The dream sheep misses you. The yak gores you!!
You wake up.
* * * LOW HITPOINT WARNING * * *
The dream sheep completely misses you. The dream sheep bites you!
You die...

.....#.##.#......................
..............≈♣♣♣≈♣.............
.(.......P##.≈≈≈♣≈≈≈≈............
.........♣♣♣≈≈≈≈≈≈≈≈≈..#.#P#.....
#+.#...≈≈♣≈≈≈≈≈≈≈≈P≈♣...########.
#+..#.♣P≈≈≈≈≈≈≈≈≈≈≈≈≈♣..#####.#..
...##♣≈≈≈≈≈≈≈≈≈≈P≈≈≈≈≈♣......###.
...##.≈≈≈≈≈≈≈≈≈≈≈Y≈.≈≈♣..#...##..
.......≈♣♣≈≈≈...@...≈≈...+....##.
...............YY.........##.##..
.................≈.≈≈≈≈≈♣#####.#.
....P........≈..P≈≈≈≈≈♣≈≈#####.#.
##.##[....#P≈≈≈≈≈≈P≈≈♣♣..........
.###........≈≈≈≈♣≈≈≈♣≈...........
.............♣♣♣♣♣♣♣♣............
..≈...####.....♣♣♣♣♣.............
......#≈≈#.......................


You could see a yak and 2 dream sheep.

Vanquished Creatures
  Erolcha (D:10)
  A hydra (Lair:1)
  A boulder beetle (Lair:4)
  Erica (Lair:1)
  A two-headed ogre (D:10)
  7 death yaks
  Sonja (Lair:1)
  2 oklob plants (Lair:3)
  An elephant (Lair:4)
  Psyche (D:8)
  A gargoyle (D:10)
  A torpor snail (Lair:5)
  5 black mambas
  A rime drake (Lair:4)
  6 cane toads
  5 komodo dragons
  2 trolls
  3 polar bears (Lair:5)
  Prince Ribbit (D:5)
  17 blink frogs
  7 dream sheep (Lair:5)
  9 wyverns
  A wraith (D:11)
  27 yaks
  Grum (Lair:1)
  4 basilisks
  A steam dragon (Lair:5)
  Menkaure (D:4)
  A swamp worm (Lair:2)
  12 water moccasins
  6 orc warriors
  2 ice beasts
  A sky beast (D:10)
  3 black bears
  4 centaurs
  2 eyes of draining (D:10)
  7 ogres
  17 wolves
  Blork the orc (D:4)
  2 big kobolds
  16 bullfrogs
  A water moccasin zombie (D:7)
  A scorpion (D:5)
  8 wights
  2 howler monkeys
  8 hounds
  2 jellies
  3 orc priests
  Ijyb (D:4)
  2 centaur skeletons
  3 iguanas
  7 orc wizards
  8 worker ants
  A worker ant zombie (D:10)
  4 river rats (Sewer)
  11 adders
  A shadow imp (D:6)
  14 white imps
  An ufetubus (D:6)
  An ooze (D:7)
  7 worms
  3 dart slugs (D:1)
  10 leopard geckos
  42 orcs
  2 bat zombies (D:3)
  11 giant cockroaches
  15 goblins
  12 hobgoblins
  5 jackals
  A quokka (D:2)
  5 ball pythons (Sewer)
  8 bats
  8 frilled lizards
  38 kobolds
  27 rats
  A rat zombie (D:3)
458 creatures vanquished.

Vanquished Creatures (collateral kills)
  4 foxfires (Lair:3)
4 creatures vanquished.

Vanquished Creatures (others)
  28 foxfires
  29 fungi
  80 plants
137 creatures vanquished.

Grand Total: 599 creatures vanquished

Notes
Turn   | Place    | Note
-------+----------+-------------------------------------------
     0 | D:1      | night the Octopode Earth Elementalist began the quest for
                  | the Orb.
     0 | D:1      | Reached XP level 1. HP: 11/11 MP: 3/3
   247 | D:1      | Reached XP level 2. HP: 14/17 MP: 1/5
   870 | D:1      | Reached XP level 3. HP: 21/21 MP: 6/6
  1293 | D:2      | Found a burning altar of Makhleb.
  1300 | D:2      | Noticed a blizzard demon
  1301 | D:2      | Found a glowing silver altar of Zin.
  1302 | D:2      | Noticed an angel
  2028 | D:2      | Learned a level 3 spell: Stone Arrow
  2490 | D:2      | Reached XP level 4. HP: 24/27 MP: 8/8
  2543 | D:2      | Reached skill level 4 in Earth Magic
  2919 | D:3      | Noticed a centaur
  2934 | D:3      | HP: 2/27 [centaur (6)]
  2935 | D:3      | Killed a centaur
  2936 | D:3      | Reached XP level 5. HP: 3/31 MP: 10/10
  3497 | D:3      | Found an ancient bone altar of Kikubaaqudgha.
  3726 | D:4      | Noticed an ogre
  3728 | D:4      | Killed an ogre
  3729 | D:4      | Reached skill level 5 in Earth Magic
  3729 | D:4      | Reached XP level 6. HP: 36/36 MP: 12/12
  3785 | D:4      | Learned a level 4 spell: Petrify
  3791 | D:4      | Learned a level 5 spell: Lee's Rapid Deconstruction
  3842 | D:4      | Found a glowing drain.
  3860 | Sewer    | Entered a sewer
  4292 | Sewer    | HP: 3/36 [kobold (3)]
  4297 | Sewer    | HP: 3/36 [big kobold/+0 whip (7)]
  4820 | Sewer    | Reached XP level 7. HP: 40/41 MP: 14/14
  5185 | D:4      | Noticed Blork the orc
  5195 | D:4      | Killed Blork the orc
  5196 | D:4      | Reached skill level 5 in Spellcasting
  5196 | D:4      | Reached skill level 6 in Earth Magic
  5573 | D:4      | Noticed Ijyb
  5586 | D:4      | Killed Ijyb
  5874 | D:4      | Noticed a +0 hand axe
  5874 | D:4      | Noticed a +0 hand axe
  5875 | D:4      | Found a hide-covered altar of Uskayaw.
  5901 | D:4      | Noticed Menkaure
  5909 | D:4      | HP: 2/41 [Menkaure (25)]
  5911 | D:4      | Killed Menkaure
  6125 | D:5      | Entered Level 5 of the Dungeon
  6242 | D:5      | Noticed Prince Ribbit
  6250 | D:5      | Killed Prince Ribbit
  6251 | D:5      | Reached XP level 8. HP: 39/46 MP: 12/17
  6386 | D:5      | Reached skill level 7 in Earth Magic
  6713 | D:5      | Found Bisu's Antique Armour Boutique.
  7406 | D:6      | Reached skill level 8 in Earth Magic
  7760 | D:6      | Found a snail-covered altar of Cheibriados.
  8230 | D:6      | Reached XP level 9. HP: 51/51 MP: 20/20
  8315 | D:7      | Found a shimmering altar of Xom.
  8589 | D:7      | Found a staircase to the Ecumenical Temple.
  8597 | Temple   | Entered the Ecumenical Temple
  8744 | Temple   | Became a worshipper of Vehumet
  8821 | D:7      | Found a shimmering blue altar of Sif Muna.
  8993 | D:7      | Reached skill level 9 in Earth Magic
  9309 | D:8      | Reached skill level 1 in Fighting
  9552 | D:8      | Noticed Psyche
  9573 | D:8      | Killed Psyche
  9574 | D:8      | Reached skill level 2 in Fighting
  9586 | D:8      | Found a flagged portal.
  9592 | Bailey   | Entered a bailey
  9719 | Bailey   | Reached * piety under Vehumet
  9719 | Bailey   | Offered knowledge of Freeze by Vehumet.
 10734 | D:8      | Reached XP level 10. HP: 35/63 MP: 21/22
 11247 | D:9      | Found a blossoming altar of Fedhas.
 11644 | D:9      | Found an ornate altar of the Wu Jian Council.
 11705 | D:9      | Offered knowledge of Foxfire by Vehumet.
 11708 | D:9      | Learned a level 1 spell: Foxfire
 11959 | D:9      | Reached ** piety under Vehumet
 12127 | D:9      | Found a bloodstained altar of Trog.
 12128 | D:9      | Found a sacrificial altar of Ru.
 12169 | D:10     | Entered Level 10 of the Dungeon
 12390 | D:10     | Reached skill level 1 in Fire Magic
 12696 | D:10     | Reached skill level 10 in Earth Magic
 12857 | D:10     | Noticed Erolcha
 12876 | D:10     | Killed Erolcha
 12877 | D:10     | Reached skill level 5 in Dodging
 12877 | D:10     | Reached skill level 2 in Fire Magic
 13221 | D:10     | Noticed a two-headed ogre
 13236 | D:10     | Killed a two-headed ogre
 13355 | D:10     | Noticed a gargoyle
 13376 | D:10     | Killed a gargoyle
 13377 | D:10     | Reached skill level 5 in Fighting
 13423 | D:10     | Reached XP level 11. HP: 71/71 MP: 24/24
 13767 | D:10     | Found a staircase to the Orcish Mines.
 14088 | D:11     | Offered knowledge of Static Discharge by Vehumet.
 14224 | D:11     | Found a staircase to the Lair.
 14280 | D:11     | Reached *** piety under Vehumet
 14530 | Lair:1   | Entered Level 1 of the Lair of Beasts
 14530 | Lair:1   | Noticed Sonja
 14548 | Lair:1   | Killed Sonja
 14881 | Lair:1   | Noticed Erica
 14907 | Lair:1   | Killed Erica
 14976 | Lair:1   | HP: 10/72 [poisoned by a cane toad]
 14982 | Lair:1   | HP: 10/72 [poisoned by a cane toad]
 14990 | Lair:1   | HP: 9/72 [poisoned by a cane toad]
 15315 | Lair:1   | Reached skill level 11 in Earth Magic
 15324 | Lair:1   | Reached skill level 10 in Spellcasting
 15475 | Lair:1   | Noticed Grum
 15492 | Lair:1   | Killed Grum
 15599 | Lair:1   | Noticed a six-headed hydra
 15631 | Lair:1   | HP: 9/74 [six-headed hydra (6)]
 15631 | Lair:1   | HP: 1/74 [six-headed hydra (6)]
 15634 | Lair:1   | Killed a six-headed hydra
 16371 | Lair:1   | Reached XP level 12. HP: 75/81 MP: 26/26
 16383 | Lair:1   | Offered knowledge of Fulminant Prism by Vehumet.
 16799 | Lair:2   | Found a shimmering blue altar of Sif Muna.
 18099 | Lair:2   | Found a staircase to the Swamp.
 19063 | Lair:3   | Found a hole to the Spider Nest.
 19075 | Lair:3   | Reached **** piety under Vehumet
 20251 | Lair:4   | Reached skill level 12 in Earth Magic
 20382 | Lair:4   | Offered knowledge of Lightning Bolt by Vehumet.
 21242 | Lair:4   | Reached XP level 13. HP: 45/90 MP: 28/28
 21335 | Lair:4   | Reached skill level 1 in Shields
 21596 | Lair:4   | Reached skill level 2 in Shields
 24015 | Lair:5   | Reached skill level 5 in Shields
 24429 | Lair:6   | Entered Level 6 of the Lair of Beasts
 24945 | Lair:5   | Reached ***** piety under Vehumet
 24996 | Lair:4   | Offered knowledge of Iskenderun's Mystic Blast by Vehumet.
 24999 | Lair:4   | HP: 10/92 [yak (32)]
 24999 | Lair:4   | Slain by a dream sheep

Illustrated notes

Levels and vault maps discovered:
D:1:      dpeg_arrival_triangle_fractal, layout_basic
D:2:      layout_basic, grunt_temple_overflow_order_and_chaos_2,
          minmay_three_crescents
D:3:      layout_basic, lemuel_zombie_altar_kikubaaqudgha
D:4:      layout_loops_ring, dancing_weapons_uskayaw, gup_sewer_entry_pipe,
          uniq_blork_the_orc, uniq_menkaure, uniq_ijyb
D:5:      black_bear_nest_2, layout_loops_corners, serial_shops,
          nicolae_shop_overgrown_old_shop, grunt_ministairs_8,
          uniq_prince_ribbit1
D:6:      layout_basic, cheibriados_altar_1
D:7:      layout_rooms, lemuel_crystal_altar, lemuel_round_altar,
          minmay_temple_entry_grid, minivault_10
D:8:      layout_cave_pools, enter_bailey_3, uniq_psyche
D:9:      layout_loops_corners, fedhas_altar_1, old_standard_altar,
          gammafunk_temple_overflow_pools
D:10:     layout_grid_maze, orc_0_dummy, palyth_stone_intersect, uniq_erolcha
D:11:     layout_rooms, lair_entry_dummy
Temple:   minmay_temple_curvy_loop
Lair:1:   layout_misc_corridors, serial_bayou_shore_a, uniq_sonja, uniq_erica,
          uniq_grum
Lair:2:   layout_loops_ring, minmay_swamp_entry_worms, basic_altar,
          infiniplex_staircase_pool
Lair:3:   layout_gridlike, nicolae_spider_entry_non_spiders, lemuel_fruit_tree,
          infiniplex_staircase_pool_2, grunt_megastairs_4,
          minmay_lair_oklob_chamber
Lair:4:   layout_regular_city, serial_bayou_ford_a,
          chequers_serial_rivers_small_3, st_stairs_7, beast_lair_carwin_8
Lair:5:   layout_roguey, portal_ice_cave_entry_imps, cheibrodos_lair_lostbears
Lair:6:   grunt_lair_end_beastmaster, layout_gridlike, slime_altar_1,
          uniq_nessos

Skill      XL: |  1  2  3  4  5  6  7  8  9 10 11 12 13 |
---------------+----------------------------------------+-----
Spellcasting   | 3 4 6 7 8 9 10 11 | 11.8
Earth Magic    | 4 5 6 8 9 10 11 12 | 12.9
Fighting       | 3 5 7 8 9 |  9.8
Dodging        | 3 5 7 9 |  9.1
Fire Magic     | 3 |  3.0
Shields        | 6 |  6.1
Stealth        | |  2.6
Transmutations | |  1.0

Action                   |  1- 3 |  4- 6 |  7- 9 | 10-12 | 13-15 || total
-------------------------+-------+-------+-------+-------+-------++-------
Melee: Unarmed           |    92 |       |       |       |       ||    92
       Constrict         |    26 |    42 |    43 |    50 |    10 ||   171
       Tentacles         |    15 |    17 |    37 |    58 |    18 ||   145
       Short sword       |       |   135 |   168 |   124 |    51 ||   478
       Mace              |       |       |     7 |       |       ||     7
       Dagger            |       |       |       |    44 |       ||    44
       Staff             |       |       |       |    46 |    13 ||    59
       Long sword        |       |       |       |    45 |    17 ||    62
 Fire: Shortbow          |       |       |       |     4 |       ||     4
Throw: Dart              |       |     3 |    16 |     9 |     1 ||    29
 Cast: Sandblast         |    16 |     7 |    22 |    90 |     2 ||   137
       Stone Arrow       |     1 |     4 |    52 |   147 |   145 ||   349
       Lee's Rapid Decon |       |       |    29 |    27 |    15 ||    71
       Petrify           |       |       |     3 |     7 |     2 ||    12
       Foxfire           |       |       |       |    16 |       ||    16
Evoke: Wand              |       |       |     4 |     1 |     5 ||    10
  Use: Scroll            |       |     3 |    11 |     7 |     4 ||    25
       Potion            |       |     3 |     1 |       |       ||     4
 Stab: Sleeping          |     7 |     9 |    10 |     6 |       ||    32
       Petrified         |       |       |     9 |    15 |     3 ||    27
       Petrifying        |       |       |       |       |     1 ||     1
Armor: Skin              |     7 |    48 |    34 |    49 |    18 ||   156
Dodge: Dodged            |    62 |   119 |   117 |   326 |   148 ||   772
Block: Other             |       |       |    28 |    82 |       ||   110
       Reflection        |       |       |     3 |     1 |     5 ||     9
       Kite shield       |       |       |       |     7 |   139 ||   146
       Rpst.: Long sword |       |       |       |    21 |     9 ||    30

Table legend: (Time is in decaauts)
 A = Elapsed time spent in this place.
 B = Non-inter-level travel time spent in this place.
 C = Inter-level travel time spent in this place.
 D = Time resting spent in this place.
 E = Time spent auto-exploring this place.
 F = Levels seen in this place.
 G = Mean time per level.
                   A        B        C        D        E       F      G
               +--------+--------+--------+--------+--------+-----+--------+
         Total |  25104 |  24438 |    666 |   9234 |  11525 |  20 | 1255.2 |
       Dungeon |  12441 |  12066 |    375 |   3087 |   7267 |  11 | 1131.0 |
        Temple |    176 |    120 |     56 |      0 |    115 |   1 |  176.0 |
          Lair |  10537 |  10303 |    234 |   5083 |   3723 |   6 | 1756.2 |
         Sewer |   1285 |   1285 |      0 |    651 |    330 |   1 | 1285.0 |
        Bailey |    663 |    663 |      0 |    413 |     90 |   1 |  663.0 |
               +--------+--------+--------+--------+--------+-----+--------+

Top non-repeatable levels by time:
  Lair:3: 2406 daAuts
  Lair:1: 2265 daAuts
  Lair:4: 2150 daAuts
  Lair:5: 2148 daAuts
    D:10: 1635 daAuts
  Lair:2: 1541 daAuts
     D:2: 1514 daAuts
   Sewer: 1285 daAuts
     D:1: 1241 daAuts
     D:8: 1212 daAuts
     D:9: 1192 daAuts
     D:4: 1124 daAuts
     D:5: 1100 daAuts
     D:6: 1086 daAuts
     D:3: 971 daAuts
